 Dungeon Crawl Stone Soup version 0.21.1-1-g345015f (webtiles) character file.

2705942 Wehk the Slayer (level 27, 247/247 HPs)
             Began as a Demonspawn Skald on Feb 12, 2018.
             Was an Elder of Qazlal.
             Escaped with the Orb
             ... and 4 runes on Feb 13, 2018!
             The game lasted 05:23:52 (58678 turns).

Wehk the Slayer (Demonspawn Skald)                 Turns: 58678, Time: 05:23:53

Health: 247/247    AC: 33    Str: 27      XL:     27
Magic:  37/37      EV: 18    Int:  4 (5)  God:    Qazlal [****..]
Gold:   4621       SH:  9    Dex: 19 (20) Spells: 45/56 levels left

rFire    + + +     SeeInvis +   w - +9 bardiche (freeze)
rCold    + . .     Gourm    .   (shield currently unavailable)
rNeg     + . .     Faith    .   L - +8 orange crystal plate armour {Archmagi, Int+3 Clar}
rPois    +         Spirit   .   k - +0 hat of Fiydeer {rElec rF+ Str+7 Int-5}
rElec    +         Reflect  +   B - scarf {rC+ rF+}
rCorr    .         Harm     .   T - +2 pair of gloves "Natip" {+Inv Int-2 Slay+3 SInv}
MR       ++++.     Clarity  +   (boots unavailable) Stlth ..........Rnd*Tele +
                                D - +4 amulet of reflection
HPRegen  0.51/turn              J - ring of Ragiq {Fire *Drain MR+ Dex+8 SInv}
MPRegen  0.25/turn              Q - ring "Zeicuplu" {rPois rF+++ rN+ MR+ Int-5}

@: drained, repel missiles
A: hooves 3, horns 1, rugged brown scales 3, blurry vision 2, clumsy 1, cold
resistance 1, deformed body, deterioration 1, dopey 1, low mp 1, passive freeze,
sense surroundings 1, powered by death 3, screaming 1, spiny 3, teleportitis 1,
weak 1, freezing cloud immunity
0: Orb of Zot
}: 4/15 runes: decaying, serpentine, slimy, silver
a: Upheaval, Elemental Force, Renounce Religion, Evoke Invisibility


You escaped.
You worshipped Qazlal.
Qazlal was greatly pleased with you.
You were not hungry.

You visited 11 branches of the dungeon, and saw 55 of its levels.
You visited the Abyss 1 time.
You also visited: Trove and Sewer.

You collected 9334 gold pieces.
You spent 4713 gold pieces at shops.

Inventory:

Hand Weapons
 e - a +0 blowgun
 w - a +9 bardiche of freezing (weapon)
Missiles
 v - 2 javelins (quivered)
 O - 2 throwing nets {!f}
Armour
 k - the +0 hat of Fiydeer (worn) {rElec rF+ Str+7 Int-5}
   (You found it on level 6 of the Lair of Beasts)

   It affects your strength (+7).
   It affects your intelligence (-5).
   It protects you from fire.
   It insulates you from electricity.
 B - a scarf of resistance (worn)
 L - the +8 orange crystal plate armour (worn) {Archmagi, Int+3 Clar}
   (You found it on level 5 of the Dungeon)

   It affects your intelligence (+3).
   It protects you against confusion.
 T - the +2 pair of gloves "Natip" (worn) {+Inv Int-2 Slay+3 SInv}
   (You took it off Nikola on level 2 of the Swamp)

   It affects your intelligence (-2).
   It affects your accuracy and damage with ranged weapons and melee attacks
   (+3).
   It lets you see invisible.
   It lets you turn invisible.
Jewellery
 D - a +4 amulet of reflection (around neck)
 G - the ring "Jewk" {rF+ rN+ AC+6 Stlth+}
   (You took it off an orc sorcerer on level 5 of the Vaults)

   [ring of protection]

   It affects your AC (+6).
   It protects you from fire.
   It protects you from negative energy.
   It makes you more stealthy.
 J - the ring of Ragiq (left hand) {Fire *Drain MR+ Dex+8 SInv}
   (You found it on level 4 of the Lair of Beasts)

   [ring of fire]

   It enhances your fire magic.
   It affects your dexterity (+8).
   It protects you from fire.
   It makes you vulnerable to cold.
   It affects your resistance to hostile enchantments.
   It lets you see invisible.
   It causes draining when unequipped.
 Q - the ring "Zeicuplu" (right hand) {rPois rF+++ rN+ MR+ Int-5}
   (You found it on level 5 of the Pits of Slime)

   [ring of poison resistance]

   It affects your intelligence (-5).
   It renders you almost immune to fire.
   It protects you from poison.
   It protects you from negative energy.
   It affects your resistance to hostile enchantments.
Wands
 d - a wand of digging (13)
 l - a wand of acid (4)
 q - a wand of iceblast (34)
 u - a wand of clouds (3)
Scrolls
 b - 6 scrolls of teleportation
 c - 3 scrolls of identify
 h - 7 scrolls of amnesia
 j - 3 scrolls of enchant armour
 m - 25 scrolls of remove curse
 s - 3 scrolls of holy word
 t - a scroll of summoning
 y - 2 scrolls of fear
 z - 6 scrolls of blinking
 E - 4 scrolls of enchant weapon
 I - 3 scrolls of immolation
 Z - 2 scrolls of silence
Potions
 a - 4 potions of magic
 n - 5 potions of resistance
 p - 8 potions of brilliance
 x - 2 potions of berserk rage
 A - 4 potions of cancellation
 H - 2 potions of heal wounds
 N - 5 potions of flight
 P - 2 potions of invisibility
 R - 24 potions of curing
 U - 4 potions of agility
Miscellaneous
 F - a fan of gales
 V - a phial of floods
Comestibles
 g - 44 rations


   Skills:
 + Level 22.2(22.1) Fighting
 - Level 20.0(19.9) Polearms
 - Level 19.0(18.9) Armour
 - Level 19.0(18.9) Dodging
 - Level 15.0(14.9) Spellcasting
 - Level 8.0(7.9) Hexes
 - Level 19.3(19.2) Charms
 - Level 8.0(7.9) Necromancy
 - Level 5.0(4.9) Translocations
 - Level 21.0(20.8) Invocations
 - Level 10.0(9.9) Evocations


You had 45 spell levels left.
You knew the following spells:

 Your Spells              Type           Power        Failure   Level  Hunger
a - Infusion              Chrm           ####         1%          1    None
b - Shroud of Golubria    Chrm/Tloc      ###.......   1%          2    ##.....
c - Song of Slaying       Chrm           ####....     1%          2    ##.....
r - Regeneration          Chrm/Necr      ###.......   1%          3    ###....
w - Spectral Weapon       Hex/Chrm       ###.....     1%          3    ###....


Dungeon Overview and Level Annotations

Branches:
Dungeon (15/15)            Temple (1/1) D:6            Lair (6/6) D:8
  Swamp (4/4) Lair:2        Snake (4/4) Lair:2        Slime (5/5) Lair:5
    Orc (2/2) D:11            Elf (3/3) Orc:2        Vaults (5/5) D:14
  Crypt (0/3) Vaults:2     Depths (5/5) D:15            Zot (5/5) Depths:5

Altars:
Ashenzari
Cheibriados
Dithmenos
Elyvilon
Fedhas
Gozag
Hepliaklqana
Kikubaaqudgha
Makhleb
Nemelex Xobeh
Okawaru
Qazlal
Ru
Sif Muna
Trog
Uskayaw
Vehumet
Wu Jian
Xom
Yredelemnul
Zin
The Shining One
Beogh
Jiyva

Shops:
D:7 [   D:10 !   Orc:2 **=   Snake:4 *[   Vaults:1 *   Vaults:3 *![*[

Portals:
Hell: Lair:6 Depths:1 Depths:2 Depths:3 Depths:4 Depths:5
Abyss: Depths:2 Depths:3 Depths:4 Depths:5
Pandemonium: Depths:3 Depths:4
Ziggurat: Depths:2

Annotations:
D:1 exclusion: downstairs
D:3 exclusion: 2 downstairs
D:4 exclusion: downstairs
Lair:3 exclusion: oklob plant
Lair:4 exclusion: oklob plant
Lair:6 exclusion: oklob plant
Swamp:1 exclusion: 2 downstairs
Snake:1 exclusion: downstairs
Snake:2 exclusion: downstairs, Roxanne
Snake:3 Mara
Slime:4 exclusion: 2 downstairs
Depths:2 3 runed doors, exclusion: downstairs
Zot:3 exclusion: upstairs


Innate Abilities, Weirdness & Mutations

You have hooves in place of feet.
You are completely covered in rugged brown scales. (AC +3, +7% HP)
Your flesh is cold resistant. (rC+)
A frigid envelope surrounds you and freezes all who hurt you.
You regenerate a lot of health from kills.
You are completely covered in sharp spines.
You are immune to freezing clouds.
You have a pair of small horns on your head.
Scrolls take you longer to read.
You are clumsy. (Dex -2)
Armour fits poorly on your strangely shaped body.
Your body sometimes deteriorates upon taking damage.
You are dopey. (Int -2)
Your magical capacity is low. (-10% MP)
You passively map a small area around you.
You occasionally shout uncontrollably at your foes.
You are occasionally teleported next to monsters.
You are weak. (Str -2)


Message History

There is a stone staircase leading down here.
You see here a club.
An iron imp comes into view.
You block the iron imp's attack.
You slash the iron imp!
You kill the iron imp!
Qazlal accepts your kill.
Aiming: Dig
Press: ? - help, Shift-Dir - straight line The rock shatters into small pieces.
There is a staircase leading out of the dungeon here.
What are your orders? t - Shout!
Orders for allies: a - Attack new target. r - Retreat! s - Stop attacking. g - Guard the area. f - Follow me.
Anything else - Cancel.
You shout for attention!
Unknown command.
You have escaped!

########################
#≈≈...................>#
#≈≈≈≈≈≈≈≈............(.#
#.≈≈≈≈≈≈≈≈≈≈≈≈≈≈≈....(.#
......≈≈≈≈≈≈≈≈≈≈≈≈≈≈≈≈$#
..).....≈≈≈≈≈≈≈≈≈≈≈≈≈≈≈#
.................≈≈≈≈≈≈#
#...≈≈≈≈......§...§≈≈≈≈#
#≈≈≈≈≈≈≈≈.....§.@§).≈≈##
#≈≈≈≈≈..≈≈≈≈.......####
#........≈≈≈≈≈≈≈##.##
...........≈≈≈≈≈≈≈≈.##
...........#########.##
..#########..# ##.#
#.#########..# #.#
#.)..........# #.#
########.###.########.#


There were no monsters in sight!

Vanquished Creatures
  the Royal Jelly (Slime:5)
  Dissolution (Slime:3)
  10 orbs of fire
  7 ancient liches
  Boris (Vaults:5)
  Sojobo (Vaults:2)
  Margery (Depths:1)
  the Lernaean hydra (Swamp:4)
  A pandemonium lord (Depths:1)
  Saint Roka (Vaults:5)
  4 Killer Klowns
  Xtahua (Vaults:5)
  5 caustic shrikes (Depths:5)
  2 curse toes
  10 golden dragons
  Nikola (Swamp:2)
  2 bone dragons
  The ghost of EvilAshe the Slayer, a veteran GrBe of Trog (Depths:5)
  The ghost of EvilAshe the Spry, a veteran HaAs of Dithmenos (Vaults:4)
  3 Tzitzimimeh
  8 electric golems
  22 tentacled monstrosities
  8 liches
  25 Orb Guardians
  7 quicksilver dragons
  Asterion (Snake:1)
  5 titans
  4 deep elf blademasters
  2 deep elf master archers (Elf:3)
  25 acid blobs
  10 sphinxes
  10 death cobs
  The ghost of letownia2 the Phalangite, an adept MfGl of Trog (Depths:3)
  6 draconian monks
  11 tengu reavers
  Kirke (Swamp:1)
  7 shadow dragons
  A thorn hunter (Swamp:4)
  16 storm dragons
  Donald (Swamp:1)
  A shadow dragon (shapeshifter) (Depths:4)
  9 nagarajas
  15 fire giants
  22 vault wardens
  3 draconian scorchers
  2 iron dragons
  3 draconian knights
  12 azure jellies
  7 frost giants
  9 deep elf sorcerers
  An iron dragon (shapeshifter) (Depths:4)
  3 ghost moths
  Aizul (Swamp:1)
  A balrug (Abyss:3)
  An orc warlord (Vaults:5)
  Louise (Swamp:2)
  4 deep elf elementalists
  A cacodemon (Abyss:3)
  5 reapers
  5 draconian stormcallers
  4 draconian shifters
  3 ghouls
  2 draconian annihilators
  An entropy weaver (Vaults:3)
  19 ironheart preservers
  16 stone giants
  5 war gargoyles
  19 very ugly things
  3 black draconians
  10 yellow draconians
  8 deep elf demonologists
  8 white draconians
  Azrael (Snake:1)
  11 deep elf annihilators
  7 red draconians
  3 vampire knights
  9 spark wasps
  9 green draconians
  2 lorocyprocas (Depths:4)
  11 purple draconians
  2 dire elephants (Lair:6)
  11 ettins
  9 fire dragons
  2 crystal guardians
  A blizzard demon (Zot:1)
  13 death oozes
  13 deep elf death magi
  13 deep elf high priests
  6 rakshasas
  11 great orbs of eyes
  16 yaktaur captains
  A fire dragon (shapeshifter) (Depths:4)
  46 vault guards
  9 ice dragons
  24 naga warriors
  Harold (Lair:4)
  2 hell beasts
  29 hydras
  A hydra (shapeshifter) (Depths:4)
  Erica (D:8)
  6 anacondas
  2 catoblepae (Lair:6)
  9 large abominations
  A catoblepas (shapeshifter) (Vaults:5)
  9 spriggan air magi
  51 two-headed ogres
  4 deep troll shamans
  7 deep troll earth magi
  5 alligators
  9 centaur warriors
  A two-headed ogre (shapeshifter) (Vaults:5)
  4 death knights
  10 death yaks
  6 tengu warriors
  14 ogre magi
  An alligator (shapeshifter) (Vaults:5)
  4 thrashing horrors (Abyss:3)
  4 soul eaters
  A vampire mage (Depths:1)
  24 dancing weapons
  5 spriggan berserkers
  A titan skeleton (Depths:3)
  A shock serpent (shapeshifter) (Depths:4)
  21 naga sharpshooters
  Sonja (D:14)
  4 sun demons
  2 shock serpents
  19 deep elf knights
  3 shadow wraiths
  A fire crab (shapeshifter) (Vaults:3)
  2 salamander mystics
  An iron troll (shapeshifter) (Depths:5)
  5 hell knights (Depths:1)
  2 iron trolls
  A skeletal warrior (Vaults:5)
  2 glowing orange brains
  An unseen horror (D:14)
  3 spark wasp zombies (Depths:3)
  2 sixfirhies
  10 swamp dragons
  An unseen horror (shapeshifter) (Depths:1)
  13 naga ritualists
  A shambling mangrove (Swamp:3)
  23 deep trolls
  3 flayed ghosts
  A spriggan druid (Swamp:1)
  3 tengu zombies (Depths:3)
  7 wizards
  A swamp dragon (shapeshifter) (Vaults:5)
  24 deep elf archers
  Pikel (D:9)
  3 golden dragon skeletons (Depths:3)
  21 ironbrand convokers
  10 harpies
  8 mana vipers
  2 shadow dragon zombies (Depths:3)
  4 phantasmal warriors
  2 harpies (shapeshifter)
  7 orc sorcerers
  9 orc knights
  2 iron dragon zombies (Depths:3)
  An orb spider (shapeshifter) (D:14)
  9 necromancers
  2 stone giant zombies
  A shadow dragon skeleton (Vaults:5)
  A wolf spider (shapeshifter) (Depths:4)
  A fire giant zombie (Vaults:5)
  A sphinx zombie (Depths:3)
  A frost giant zombie (Depths:3)
  82 ugly things
  A tengu skeleton (Depths:3)
  4 wolf spiders
  9 manticores
  10 shining eyes
  17 salamanders
  51 deep elf magi
  3 fire giant skeletons (Depths:3)
  A salamander (shapeshifter) (Vaults:1)
  12 elephants
  9 cyclopes
  19 moths of wrath
  A worldbinder (Abyss:3)
  48 black mambas
  A rust devil (D:15)
  A black mamba (shapeshifter) (Vaults:2)
  4 eyes of devastation
  2 storm dragon simulacra
  4 guardian serpents
  36 naga magi
  3 torpor snails
  14 vault sentinels
  3 gargoyles
  22 spiny frogs
  3 smoke demons
  2 elf zombies
  3 frost giant skeletons (Depths:3)
  62 yaktaurs
  A rime drake (shapeshifter) (Vaults:5)
  5 orange demons
  A spriggan skeleton (Depths:3)
  A yaktaur zombie (Vaults:5)
  4 hellwings (D:14)
  2 rime drakes (Lair:6)
  An efreet (D:13)
  6 komodo dragons
  A guardian mummy (Zot:1)
  An ancient zyme (Abyss:3)
  5 ice devils
  5 tengu conjurers
  A golden dragon simulacrum (Depths:3)
  9 freezing wraiths
  A yaktaur skeleton (Vaults:5)
  The ghost of Lee000 the Covert, a novice KoEn (D:5)
  A troll (shapeshifter) (Vaults:4)
  A jumping spider (shapeshifter) (Depths:4)
  The ghost of microfolk the Charmwright, an amateur GnSk (D:4)
  7 polar bears
  A sphinx simulacrum (Depths:3)
  3 red devils
  A tengu simulacrum (Vaults:5)
  15 trolls
  A hornet (shapeshifter) (Depths:5)
  A snapping turtle (shapeshifter) (Vaults:5)
  Prince Ribbit (D:7)
  2 blink frogs (shapeshifter)
  9 hornets
  11 blink frogs
  4 raiju (Abyss:3)
  4 tyrant leeches
  102 slime creatures
  A spriggan zombie (Depths:3)
  6 dream sheep (Lair:6)
  6 bog bodies
  14 hippogriffs
  A stone giant simulacrum (Vaults:2)
  6 redbacks
  A frost giant simulacrum (Depths:3)
  8 air elementals
  2 flying skulls (Vaults:2)
  2 vampires
  2 wraiths
  2 shadows (D:12)
  8 wyverns
  42 yaks
  5 spriggans
  3 water elementals
  A golden eye (shapeshifter) (Vaults:2)
  A human (shapeshifter) (Vaults:2)
  10 fire elementals
  8 hogs
  4 basilisks
  2 chaos spawn
  A fire bat (shapeshifter) (Vaults:4)
  6 golden eyes
  6 hungry ghosts
  18 vampire mosquitoes
  2 human simulacra
  4 wargs
  An elf skeleton (Depths:3)
  51 nagas
  16 swamp worms
  An acid dragon (D:12)
  6 insubstantial wisps (Swamp:4)
  5 hell hounds
  A floating eye (shapeshifter) (Depths:2)
  5 porcupines
  Duvessa (D:4)
  9 water moccasins
  2 floating eyes (Depths:2)
  9 swamp drakes
  2 sky beasts
  2 slaves (D:9)
  11 eyes of draining
  A sky beast (shapeshifter) (Depths:5)
  A spriggan simulacrum (Depths:3)
  6 black bears
  3 necrophages
  37 orc warriors
  2 ice beasts
  2 ogres (shapeshifter)
  2 phantoms
  13 wolves
  9 boggarts
  19 centaurs
  50 ogres
  A human skeleton (Vaults:5)
  A crocodile (shapeshifter) (Depths:4)
  10 crocodiles
  4 human zombies
  19 bullfrogs
  2 elf simulacra
  An earth elemental (Elf:2)
  A wyvern skeleton (D:13)
  A water moccasin zombie (D:7)
  Dowan (D:5)
  2 scorpions
  11 wights
  2 howler monkeys (D:13)
  7 electric eels
  7 crimson imps
  2 quasits
  3 centaur zombies
  3 bullfrog zombies
  6 hounds
  4 jellies
  6 centaur skeletons
  21 orc priests
  4 bullfrog skeletons
  2 iron imps
  29 orc wizards
  3 iguanas
  11 worker ants
  2 howler monkey zombies
  Robin (D:2)
  9 gnolls
  3 river rats (Sewer)
  21 adders
  3 shadow imps
  An ufetubus (D:14)
  2 worms
  5 leopard geckos
  80 orcs
  5 bats
  6 giant cockroaches
  14 goblins
  9 hobgoblins
  17 jackals
  A quokka (D:8)
  10 ball pythons
  9 frilled lizards
  A jackal skeleton (D:4)
  24 kobolds
  A leopard gecko zombie (D:5)
  28 rats
  6 crawling corpses (Elf:3)
  A fungus (D:15)
  A plant (Lair:5)
  35 spectral weapons
2651 creatures vanquished.

Vanquished Creatures (collateral kills)
  2 Orb Guardians (Zot:5)
  2 acid blobs
  An orc warlord (Orc:2)
  An ogre mage (Orc:2)
  A naga sharpshooter (Snake:4)
  2 shining eyes
  A salamander (Snake:4)
  A naga mage (Snake:4)
  A vault sentinel (Vaults:1)
  4 slime creatures
  2 orc warriors (Orc:2)
  An eye of draining (Slime:2)
  An ogre (Orc:2)
20 creatures vanquished.

Vanquished Creatures (others)
  Vashnia (Snake:2)
  2 deep elf master archers
  A titan (Vaults:5)
  A draconian scorcher (Zot:1)
  An ironheart preserver (Vaults:2)
  A stone giant (Vaults:5)
  An entropy weaver (Vaults:2)
  3 yaktaur captains
  An ogre mage (Vaults:2)
  A naga warrior (Snake:4)
  2 centaur warriors
  A two-headed ogre (Vaults:1)
  2 naga sharpshooters
  A deep troll (Vaults:4)
  A deep elf archer (Vaults:5)
  A deep elf mage (Elf:1)
  A necromancer (Depths:3)
  A cyclops (D:15)
  A vault sentinel (Vaults:4)
  11 yaktaurs
  A slime creature (Slime:5)
  A shadow (D:13)
  A swamp worm (Swamp:4)
  A naga (Snake:2)
  An acid dragon (Vaults:2)
  4 orc warriors
  5 centaurs
  A glowing shapeshifter simulacrum (Depths:3)
  An orc wizard (Orc:1)
  2 orcs
  A crawling corpse (Elf:1)
  12 fungi
  30 plants
  63 spectral weapons
159 creatures vanquished.

Grand Total: 2830 creatures vanquished

Notes
Turn   | Place    | Note
-------+----------+-------------------------------------------
     0 | D:1      | Wehk the Demonspawn Skald began the quest for the Orb.
     0 | D:1      | Reached XP level 1. HP: 16/16 MP: 3/3
    48 | D:1      | Reached skill level 1 in Armour
   331 | D:1      | Gained mutation: You have large cloven feet. [demonic ancestry]
   331 | D:1      | Reached XP level 2. HP: 15/22 MP: 0/5
   434 | D:1      | HP: 1/22 [gnoll/club (10)]
   455 | D:1      | HP: 1/22 [gnoll/club (1)]
  1022 | D:1      | Reached XP level 3. HP: 27/27 MP: 6/6
  1520 | D:1      | Gained mutation: You regenerate a little health from kills. [demonic ancestry]
  1520 | D:1      | Reached XP level 4. HP: 24/34 MP: 0/7
  1621 | D:2      | Reached skill level 3 in Fighting
  1728 | D:2      | Noticed Robin
  1734 | D:2      | Killed Robin
  1801 | D:2      | Found a shattered altar of Ashenzari.
  1857 | D:2      | Found a sacrificial altar of Ru.
  2279 | D:2      | Gained mutation: You have hoof-like feet. [demonic ancestry]
  2279 | D:2      | Reached XP level 5. HP: 41/41 MP: 1/8
  2599 | D:3      | Found a glowing drain.
  2645 | D:3      | Learned a level 2 spell: Shroud of Golubria
  2739 | Sewer    | Entered a sewer
  2991 | Sewer    | Reached skill level 4 in Fighting
  3402 | Sewer    | Gained mutation: You regenerate health from kills. [demonic ancestry]
  3402 | Sewer    | Reached XP level 6. HP: 48/48 MP: 0/9
  3705 | D:3      | Found an iron altar of Okawaru.
  3739 | D:3      | Learned a level 2 spell: Song of Slaying
  4113 | D:4      | Found a shadowy altar of Dithmenos.
  4163 | D:4      | Noticed microfolk's ghost (amateur GnSk)
  4366 | D:4      | Found a shimmering altar of Xom.
  4458 | D:4      | Killed microfolk's ghost
  4458 | D:4      | Reached skill level 1 in Translocations
  4458 | D:4      | Gained mutation: You are partially covered in rugged brown scales. (AC +1, +3% HP) [demonic ancestry]
  4458 | D:4      | Reached XP level 7. HP: 27/55 MP: 1/11
  4767 | D:5      | Entered Level 5 of the Dungeon
  4809 | D:5      | Noticed Dowan
  4816 | D:5      | Noticed Duvessa
  4895 | D:5      | Killed Dowan
  4934 | D:4      | Killed Duvessa
  4934 | D:4      | Reached skill level 5 in Charms
  4949 | D:5      | Gained mutation: You are partially covered in sharp spines. [demonic ancestry]
  4949 | D:5      | Reached XP level 8. HP: 44/61 MP: 3/12
  5001 | D:5      | Noticed Lee000's ghost (novice KoEn)
  5012 | D:5      | Killed Lee000's ghost
  5012 | D:5      | Reached skill level 5 in Polearms
  5130 | D:5      | Learned a level 3 spell: Regeneration
  5137 | D:5      | Learned a level 3 spell: Spectral Weapon
  5439 | D:5      | Found the +8 orange crystal plate armour {Archmagi, Int+3 Clar}
  5606 | D:5      | Reached skill level 5 in Fighting
  5747 | D:6      | Reached skill level 6 in Fighting
  5854 | D:6      | Reached XP level 9. HP: 71/71 MP: 13/13
  5907 | D:6      | Found an opulent altar of Gozag.
  6026 | D:6      | Found a glowing silver altar of Zin.
  6172 | D:6      | Found a staircase to the Ecumenical Temple.
  6180 | Temple   | Entered the Ecumenical Temple
  6254 | Temple   | Became a worshipper of Qazlal Stormbringer
  6548 | D:7      | Noticed Prince Ribbit
  6565 | D:7      | Killed Prince Ribbit
  6565 | D:7      | Reached skill level 5 in Armour
  6605 | D:7      | Noticed a polar bear
  6606 | D:7      | Found a huge runed gate.
  6606 | D:7      | Noticed a polar bear
  6607 | D:7      | Noticed a polar bear
  6607 | D:7      | Found a huge runed gate.
  6607 | D:7      | Found a huge runed gate.
  6607 | D:7      | Found a huge runed gate.
  6607 | D:7      | Noticed a polar bear
  6607 | D:7      | Noticed a polar bear
  6608 | D:7      | Noticed a manticore
  6613 | D:7      | Noticed a polar bear
  6865 | D:7      | Found Vuiqugh's Antique Armour Shoppe.
  6873 | D:7      | Bought a glowing scarf for 192 gold pieces
  7283 | D:8      | Found a staircase to the Lair.
  7342 | D:8      | Noticed Erica
  7560 | D:8      | Killed Erica
  7560 | D:8      | Reached XP level 10. HP: 78/78 MP: 14/14
  7815 | D:9      | Noticed Pikel
  7838 | D:9      | Killed Pikel
  8442 | Lair:1   | Entered Level 1 of the Lair of Beasts
  8442 | Lair:1   | Noticed a spiny frog
  8449 | Lair:1   | Killed a spiny frog
  8449 | Lair:1   | Reached skill level 10 in Polearms
  8568 | Lair:1   | Reached skill level 7 in Fighting
  8586 | Lair:1   | Reached * piety under Qazlal
  8662 | Lair:1   | Noticed a spiny frog
  8666 | Lair:1   | Killed a spiny frog
  8666 | Lair:1   | Reached skill level 8 in Fighting
  8787 | Lair:1   | Noticed a spiny frog
  8816 | Lair:1   | Killed a spiny frog
  8817 | Lair:1   | Gained mutation: Your flesh is cold resistant. (rC+) [demonic ancestry]
  8817 | Lair:1   | Reached XP level 11. HP: 74/88 MP: 15/15
  8841 | Lair:1   | Noticed a five-headed hydra
  8846 | Lair:1   | Killed a five-headed hydra
  8846 | Lair:1   | Reached skill level 5 in Dodging
  9152 | Lair:2   | Reached ** piety under Qazlal
  9328 | Lair:2   | Found a staircase to the Swamp.
  9385 | Lair:2   | Found a staircase to the Snake Pit.
 10444 | Lair:3   | Noticed an eight-headed hydra
 10447 | Lair:3   | Killed an eight-headed hydra
 10669 | Lair:3   | Reached *** piety under Qazlal
 10669 | Lair:3   | Reached XP level 12. HP: 95/95 MP: 16/16
 10764 | Lair:3   | Noticed a death yak
 10768 | Lair:3   | Noticed a death yak
 10769 | Lair:3   | Noticed a death yak
 10841 | Lair:3   | Killed a death yak
 10859 | Lair:3   | Killed a death yak
 11176 | Lair:3   | Found a blossoming altar of Fedhas.
 11262 | Lair:3   | Noticed a death yak
 11267 | Lair:3   | Noticed a death yak
 11298 | Lair:3   | Killed a death yak
 11299 | Lair:3   | Killed a death yak
 11306 | Lair:3   | Killed a death yak
 11626 | Lair:4   | Noticed Harold
 11658 | Lair:4   | Killed Harold
 11850 | Lair:4   | Noticed a five-headed hydra
 11854 | Lair:4   | Killed a six-headed hydra
 11943 | Lair:4   | Got a pitted brass ring
 12089 | Lair:4   | Identified the ring of Ragiq {Fire *Drain MR+ Dex+8 SInv} (You found it on level 4 of the Lair of Beasts)
 12366 | Lair:5   | Found a staircase to the Slime Pits.
 12367 | Lair:5   | Found a viscous altar of Jiyva.
 12861 | Lair:5   | Reached **** piety under Qazlal
 13362 | Lair:6   | Entered Level 6 of the Lair of Beasts
 13370 | Lair:6   | Gained mutation: You are mostly covered in sharp spines. [demonic ancestry]
 13370 | Lair:6   | Reached XP level 13. HP: 96/100 MP: 17/17
 13446 | Lair:6   | Reached skill level 15 in Polearms
 13576 | Lair:6   | Noticed a dire elephant
 13633 | Lair:6   | Killed a dire elephant
 13693 | Lair:6   | Noticed a dire elephant
 13705 | Lair:6   | Killed a dire elephant
 13839 | Lair:6   | Reached skill level 5 in Invocations
 13879 | Lair:6   | Reached skill level 1 in Evocations
 13949 | Lair:6   | Reached skill level 5 in Evocations
 14048 | Lair:6   | Gained mutation: You have hooves in place of feet. [demonic ancestry]
 14048 | Lair:6   | Reached XP level 14. HP: 103/108 MP: 18/20
 14083 | Lair:6   | Found a burning altar of Makhleb.
 14091 | Lair:6   | Found a gateway to Hell.
 14216 | Lair:6   | Reached ***** piety under Qazlal
 14924 | D:7      | Reached skill level 10 in Invocations
 14974 | D:7      | Reached skill level 9 in Fighting
 15030 | D:10     | Entered Level 10 of the Dungeon
 15249 | Lair:6   | Got a twisted hat
 15260 | Lair:6   | Identified the +0 hat of Fiydeer {rElec rF+ Str+7 Int-5} (You found it on level 6 of the Lair of Beasts)
 15747 | D:10     | Reached skill level 10 in Fighting
 15887 | D:10     | Found Zagu's Distillery.
 15891 | D:10     | Bought a potion of invisibility for 104 gold pieces
 16387 | D:11     | Found a staircase to the Orcish Mines.
 16763 | D:12     | Reached ****** piety under Qazlal
 17613 | Orc:1    | Entered Level 1 of the Orcish Mines
 17632 | Orc:1    | Paralysed by an orc sorcerer for 5 turns
 17757 | Orc:1    | Reached skill level 11 in Fighting
 17834 | Orc:1    | Found a roughly hewn altar of Beogh.
 18195 | Orc:2    | Entered Level 2 of the Orcish Mines
 18328 | Orc:2    | Reached skill level 12 in Fighting
 18328 | Orc:2    | Reached XP level 15. HP: 109/123 MP: 24/24
 18348 | Orc:2    | Noticed an orc warlord
 18366 | Orc:2    | Killed an orc warlord
 18454 | Orc:2    | Found Kotzaon's General Store.
 18658 | Orc:2    | Found Emigaliq Elo's Assorted Antiques.
 18661 | Orc:2    | Bought a potion of heal wounds for 50 gold pieces
 18663 | Orc:2    | Found Isuesax's Jewellery Shoppe.
 18664 | Orc:2    | Found Ogismap's Distillery.
 18682 | Orc:2    | Bought a potion of agility for 44 gold pieces
 18682 | Orc:2    | Bought a potion of might for 44 gold pieces
 18682 | Orc:2    | Bought a potion of resistance for 110 gold pieces
 18682 | Orc:2    | Bought a potion of heal wounds for 55 gold pieces
 18682 | Orc:2    | Bought a potion of curing for 33 gold pieces
 18682 | Orc:2    | Bought a potion of curing for 33 gold pieces
 18842 | Orc:2    | Found a staircase to the Elven Halls.
 19222 | D:13     | Found a portal to a secret trove of treasure.
 19387 | D:13     | Reached skill level 10 in Armour
 20339 | Swamp:1  | Entered Level 1 of the Swamp
 20341 | Swamp:1  | Noticed Kirke
 20354 | Swamp:1  | Noticed Aizul
 20586 | Swamp:1  | Noticed a sphinx
 20587 | Swamp:1  | Killed Kirke
 20720 | Swamp:1  | Killed Aizul
 20851 | Swamp:1  | Noticed Donald
 20862 | Swamp:1  | Killed Donald
 21857 | Swamp:2  | Noticed Louise
 22094 | Swamp:2  | Noticed Nikola
 22108 | Swamp:2  | Killed Nikola
 22108 | Swamp:2  | Reached skill level 10 in Dodging
 22111 | Swamp:2  | Got a pair of pitted gloves
 22147 | Swamp:2  | Identified the +2 pair of gloves "Natip" {+Inv Int-2 Slay+3 SInv} (You took it off Nikola on level 2 of the Swamp)
 22263 | Swamp:2  | Reached XP level 16. HP: 130/130 MP: 25/25
 22275 | Swamp:2  | Killed Louise
 22757 | Swamp:3  | Found a shimmering altar of Xom.
 23178 | Swamp:4  | Entered Level 4 of the Swamp
 23362 | Swamp:4  | Noticed a thorn hunter
 23380 | Swamp:4  | Killed a thorn hunter
 23592 | Swamp:4  | Noticed the 27-headed Lernaean hydra
 23595 | Swamp:4  | Killed the 27-headed Lernaean hydra
 23653 | Swamp:4  | Reached skill level 10 in Evocations
 23874 | Swamp:4  | Got a decaying rune of Zot
 24266 | Snake:1  | Entered Level 1 of the Snake Pit
 24363 | Snake:1  | Reached skill level 13 in Fighting
 24510 | Snake:1  | Noticed Azrael
 24517 | Snake:1  | Killed Azrael
 24900 | Snake:1  | Got a bound platinum ring
 24905 | Snake:1  | Identified the ring "Wamedd" {rPois rN+ Dex+3} (You found it on level 1 of the Snake Pit)
 25052 | Snake:1  | Reached skill level 14 in Fighting
 25407 | Snake:2  | Noticed Roxanne
 25407 | Snake:2  | Noticed Asterion
 25418 | Snake:1  | Killed Asterion
 25578 | Snake:2  | Reached XP level 17. HP: 134/144 MP: 13/26
 25629 | Snake:2  | Noticed Vashnia
 25671 | Snake:2  | Killed Vashnia
 25671 | Snake:2  | Reached skill level 15 in Fighting
 25770 | Snake:2  | Reached skill level 1 in Hexes
 25770 | Snake:2  | Reached skill level 1 in Necromancy
 26481 | Snake:3  | Reached skill level 5 in Spellcasting
 26489 | Snake:3  | Noticed Mara
 26502 | Snake:3  | Noticed Wehk's illusion
 27036 | Snake:3  | Noticed Wehk's illusion
 27147 | Snake:3  | Found a shattered altar of Ashenzari.
 27322 | Snake:4  | Entered Level 4 of the Snake Pit
 27425 | Snake:4  | Gained mutation: You are mostly covered in rugged brown scales. (AC +2, +5% HP) [demonic ancestry]
 27425 | Snake:4  | Reached XP level 18. HP: 109/157 MP: 5/27
 27519 | Snake:4  | Found Pyunk's General Store.
 27527 | Snake:4  | Bought 2 potions of magic for 192 gold pieces
 27527 | Snake:4  | Bought 3 scrolls of identify for 72 gold pieces
 27596 | Snake:4  | Reached skill level 16 in Fighting
 27637 | Snake:4  | Got a serpentine rune of Zot
 27794 | Snake:4  | Found Pahaed's Antique Armour Boutique.
 28370 | D:14     | Found a gate to the Vaults.
 28382 | D:14     | Noticed Sonja
 28386 | D:14     | Killed Sonja
 29136 | D:15     | Entered Level 15 of the Dungeon
 29777 | D:15     | Found a staircase to the Depths.
 30057 | D:15     | Found a white marble altar of Elyvilon.
 30379 | Vaults:1 | Entered Level 1 of the Vaults
 30724 | Vaults:1 | Gained mutation: You regenerate a lot of health from kills. [demonic ancestry]
 30724 | Vaults:1 | Reached XP level 19. HP: 164/164 MP: 19/28
 31443 | Vaults:1 | Found Ofet's Assorted Antiques.
 31451 | Vaults:1 | Bought a scroll of enchant weapon for 217 gold pieces
 31451 | Vaults:1 | Bought a scroll of enchant weapon for 217 gold pieces
 31451 | Vaults:1 | Bought a scroll labeled APSEHO WEKKEEDGH for 29 gold pieces
 31578 | Vaults:1 | Got a faintly humming helmet
 31579 | Vaults:1 | Identified the cursed +0 helmet of Optimism {+Inv rCorr Int+2 Stlth+} (You found it on level 1 of the Vaults)
 32102 | Vaults:2 | Found a staircase to the Crypt.
 32335 | Vaults:2 | Noticed Sojobo
 32343 | Vaults:2 | Killed Sojobo
 32561 | Vaults:2 | Gained mutation: You are immune to freezing clouds. [demonic ancestry]
 32561 | Vaults:2 | Reached XP level 20. HP: 172/172 MP: 29/29
 33211 | Vaults:3 | Found Ipsumiw's Assorted Antiques.
 33221 | Vaults:3 | Bought a potion of heal wounds for 190 gold pieces
 33221 | Vaults:3 | Bought a scroll of fear for 133 gold pieces
 33221 | Vaults:3 | Bought a scroll labeled YZOM IRUOTOI for 38 gold pieces
 33226 | Vaults:3 | Got a wavering turquoise ring
 33227 | Vaults:3 | Identified the ring "Atzi" {*Drain MP+9 Str+4 Int+3 Dex+3} (You acquired it on level 3 of the Vaults)
 33635 | Vaults:3 | Found Xivueqy's Assorted Antiques.
 33746 | Vaults:3 | Bought a scroll of enchant weapon for 292 gold pieces
 33746 | Vaults:3 | Bought a scroll labeled DUTHERPHODE for 39 gold pieces
 33746 | Vaults:3 | Bought a potion of might for 156 gold pieces
 33761 | Vaults:3 | Found Lakeemamue's Distillery.
 33768 | Vaults:3 | Bought a potion of curing for 51 gold pieces
 33768 | Vaults:3 | Bought 2 potions of heal wounds for 170 gold pieces
 33768 | Vaults:3 | Bought a potion of mutation for 136 gold pieces
 33768 | Vaults:3 | Bought a potion of resistance for 170 gold pieces
 33768 | Vaults:3 | Bought a potion of might for 68 gold pieces
 33810 | Vaults:3 | Found Focu's Antique Armour Boutique.
 33810 | Vaults:3 | Found Zaapp's Armour Shop.
 34200 | Vaults:4 | Reached skill level 15 in Dodging
 34205 | Vaults:4 | Reached skill level 15 in Armour
 34233 | Vaults:4 | Noticed EvilAshe's ghost (veteran HaAs)
 34296 | Vaults:4 | Killed EvilAshe's ghost
 34310 | Vaults:4 | Got a scorched mace {speed}
 34311 | Vaults:4 | Identified the +12 mace "Qiontitz" {speed, rPois rC+} (You took it off a vault warden on level 4 of the Vaults)
 34494 | Vaults:4 | Reached XP level 21. HP: 166/179 MP: 30/30
 35326 | Depths:1 | Entered Level 1 of the Depths
 35526 | Depths:1 | Noticed Margery
 35538 | Depths:1 | Killed Margery
 36407 | Depths:1 | Got a brightly glowing glass ring
 36409 | Depths:1 | Identified the ring "Liylu" {Fire Str+2 SInv} (You acquired it on level 1 of the Depths)
 36561 | Depths:2 | Found a one-way gate to the infinite horrors of the Abyss.
 36886 | Depths:2 | Found a gateway to a ziggurat.
 37002 | Depths:2 | Reached skill level 17 in Fighting
 37389 | Depths:3 | Noticed letownia2's ghost (adept MfGl)
 37504 | Depths:3 | Noticed an ancient lich
 37623 | Depths:2 | Gained mutation: A frigid envelope surrounds you and freezes all who hurt you. [demonic ancestry]
 37623 | Depths:2 | Reached XP level 22. HP: 192/192 MP: 10/31
 37678 | Depths:2 | Found a runed door.
 37685 | Depths:2 | Found a runed door.
 37693 | Depths:2 | Found a runed door.
 37701 | Depths:2 | Found a runed door.
 37755 | Depths:2 | Identified the Grimoire of the Wary Realms
 37758 | Depths:2 | Identified Sif Muna's Almanac of Dislocated Protection
 37785 | Depths:2 | Identified the Collected Works on Bewitchment and Attacks
 37902 | Depths:3 | Reached skill level 18 in Fighting
 38005 | Depths:3 | Killed an ancient lich
 38119 | Depths:3 | Killed letownia2's ghost
 38162 | Depths:3 | Found a one-way gate leading to the halls of Pandemonium.
 38549 | Depths:3 | Found an ancient bone altar of Kikubaaqudgha.
 38705 | Depths:3 | Reached skill level 15 in Invocations
 38734 | Depths:3 | Got a steaming golden ring
 38737 | Depths:3 | Identified the ring of Rusyaw {MR- Str+5 Int+6} (You took it off a deep elf death mage on level 3 of the Depths)
 39030 | Depths:4 | Reached skill level 10 in Charms
 39104 | Depths:4 | Got a twisted helmet
 39105 | Depths:4 | Identified the +2 helmet of Ditubod {rElec Str+4} (You found it on level 4 of the Depths)
 39267 | Depths:4 | Noticed a golden dragon
 39275 | Depths:4 | Killed a golden dragon
 39280 | Depths:4 | Reached skill level 5 in Necromancy
 39568 | D:13     | You paid a toll of +3 gold dragon scales to enter a treasure trove
 39569 | Trove    | Entered a treasure trove
 39604 | Trove    | Got a scorched battleaxe
 39605 | Trove    | Identified the +7 battleaxe of Corruption {drain, Dex+4} (You found it in a treasure trove)
 39940 | Elf:1    | Entered Level 1 of the Elven Halls
 40218 | Elf:1    | Gained mutation: You are completely covered in rugged brown scales. (AC +3, +7% HP) [demonic ancestry]
 40218 | Elf:1    | Reached XP level 23. HP: 188/203 MP: 35/35
 40747 | Elf:2    | Found a radiant altar of Vehumet.
 40793 | Elf:2    | Reached skill level 5 in Translocations
 40963 | Elf:2    | Reached skill level 5 in Hexes
 41131 | Elf:2    | Found a runed gate.
 41131 | Elf:2    | Found a runed gate.
 41137 | Elf:2    | Found a runed gate.
 41735 | Elf:3    | Entered Level 3 of the Elven Halls
 42318 | Elf:3    | Cast into level 3 of the Abyss (a deep elf sorcerer)
 42322 | Abyss:3  | Found a corrupted altar of Lugonu.
 42468 | Elf:3    | Escaped the Abyss
 42530 | Elf:3    | Reached XP level 24. HP: 210/210 MP: 4/35
 42844 | Elf:3    | Found the +7 Spriggan's Knife {MR+ EV+4 Dex+4 Stlth+}
 42966 | Elf:3    | Identified the Papyrus of Beguiling and Boosts
 43287 | Slime:1  | Entered Level 1 of the Pits of Slime
 43306 | Slime:1  | Gained mutation: You are clumsy. (Dex -2) [a shining eye]
 43567 | Slime:2  | Gained mutation: Scrolls take you a little longer to read. [a shining eye]
 43604 | Slime:2  | Found a viscous altar of Jiyva.
 44270 | Slime:3  | Noticed Dissolution
 44289 | Slime:3  | Killed Dissolution
 44289 | Slime:3  | Reached skill level 15 in Charms
 45624 | Slime:5  | Entered Level 5 of the Pits of Slime
 45628 | Slime:5  | Gained mutation: You are frail. (-10% HP) [a shining eye]
 45631 | Slime:5  | Gained mutation: You are very frail. (-20% HP) [a shining eye]
 45632 | Slime:5  | Gained mutation: You are dopey. (Int -2) [a shining eye]
 45642 | Slime:5  | Noticed the Royal Jelly
 45756 | Slime:5  | Lost mutation: Scrolls take you a little longer to read. [potion of mutation]
 45756 | Slime:5  | Lost mutation: You are dopey. (Int -2) [potion of mutation]
 45756 | Slime:5  | Lost mutation: You are very frail. (-20% HP) [potion of mutation]
 45756 | Slime:5  | Gained mutation: You are covered in fur. (AC +1) [potion of mutation]
 45756 | Slime:5  | Gained mutation: Your spells are a little harder to cast, but a little more powerful. [potion of mutation]
 46083 | Slime:5  | Killed the Royal Jelly
 46137 | Slime:5  | Found the +5 robe of Night {Dark MR+ SInv}
 46138 | Slime:5  | Found the +5 scythe "Finisher" {speed, Str+3}
 46140 | Slime:5  | Found the +8 trident of the Octopus King {venom, rElec rPois MR+}
 46152 | Slime:5  | Got a slimy rune of Zot
 46189 | Slime:5  | Got a warped brass ring
 46196 | Slime:5  | Got a coiled turquoise ring
 46203 | Slime:5  | Identified the ring of Wu Jian's Reproof {*Slow rC+++ rN++ Int+2 SInv} (You found it on level 5 of the Pits of Slime)
 46204 | Slime:5  | Identified the cursed ring "Covuiss" {*Drain rElec Int-2 Dex+10 SInv} (You found it on level 5 of the Pits of Slime)
 46228 | Slime:5  | Got a shimmering lead ring
 46246 | Slime:5  | Identified the ring "Zeicuplu" {rPois rF+++ rN+ MR+ Int-5} (You found it on level 5 of the Pits of Slime)
 46958 | Depths:4 | Reached XP level 25. HP: 175/197 MP: 33/37
 47298 | Depths:5 | Entered Level 5 of the Depths
 47428 | Depths:5 | Found a gate to the Realm of Zot.
 47886 | Depths:5 | Noticed EvilAshe's ghost (veteran GrBe)
 47905 | Depths:5 | Killed EvilAshe's ghost
 47934 | Depths:5 | Reached skill level 10 in Spellcasting
 48928 | Vaults:3 | Bought a scroll of teleportation for 117 gold pieces
 49019 | Vaults:5 | Entered Level 5 of the Vaults
 49034 | Vaults:5 | Noticed Boris
 49044 | Vaults:5 | Killed Boris
 49077 | Vaults:5 | Reached XP level 26. HP: 172/204 MP: 19/39
 49407 | Vaults:5 | Noticed Saint Roka
 49416 | Vaults:5 | Killed Saint Roka
 49466 | Vaults:5 | Got a slimy glass ring
 49472 | Vaults:5 | Identified the ring "Jewk" {rF+ rN+ AC+6 Stlth+} (You took it off an orc sorcerer on level 5 of the Vaults)
 49542 | Vaults:5 | Noticed Xtahua
 49547 | Vaults:5 | Killed Xtahua
 49640 | Vaults:5 | Got a vibrating ivory ring
 49681 | Vaults:5 | Identified the ring "Gyramp" {Str+5 Dex+4 SInv Stlth+} (You took it off a vault warden on level 5 of the Vaults)
 49683 | Vaults:5 | Got an ancient plate armour
 49685 | Vaults:5 | Identified the +6 plate armour of the Catfish {*Contam rC+ rCorr} (You took it off a death knight on level 5 of the Vaults)
 49852 | Vaults:5 | Found the +3 crown of Dyrovepreva {rElec Int+2 SInv}
 49913 | Vaults:5 | Identified the Tome of Vitriolic Transformation
 50007 | Vaults:5 | Got a bloodstained plate armour
 50008 | Vaults:5 | Identified the +3 plate armour of a bailey {rElec MR- SInv} (You found it on level 5 of the Vaults)
 50137 | Vaults:5 | Found the +3 sling "Punk" {acid, rCorr}
 50147 | Vaults:5 | Got a silver rune of Zot
 50886 | Zot:1    | Entered Level 1 of the Realm of Zot
 50975 | Zot:1    | Reached skill level 15 in Spellcasting
 51177 | Zot:1    | Gained mutation: You are completely covered in sharp spines. [demonic ancestry]
 51177 | Zot:1    | Reached XP level 27. HP: 212/212 MP: 40/42
 51304 | Zot:1    | Reached skill level 19 in Fighting
 51814 | Zot:2    | Reached skill level 20 in Fighting
 51844 | Zot:2    | Noticed an orb of fire
 51845 | Zot:2    | Noticed an orb of fire
 51847 | Zot:2    | Gained mutation: You possess an exceptional clarity of mind. [an orb of fire]
 51849 | Zot:2    | Noticed an orb of fire
 51849 | Zot:2    | Noticed an orb of fire
 51990 | Zot:3    | Noticed an ancient lich
 51997 | Zot:3    | Killed an ancient lich
 51997 | Zot:3    | Reached skill level 21 in Fighting
 52185 | Zot:3    | Reached skill level 22 in Fighting
 52878 | Zot:2    | Noticed an orb of fire
 52889 | Zot:3    | Gained mutation: You can translocate small distances at will. [an orb of fire]
 52892 | Zot:3    | Lost mutation: Your spells are a little harder to cast, but a little more powerful. [an orb of fire]
 52897 | Zot:3    | Killed an orb of fire
 53133 | Zot:2    | Gained mutation: Armour fits poorly on your strangely shaped body. [an orb of fire]
 53145 | Zot:2    | Killed an orb of fire
 53388 | Zot:2    | Gained mutation: Your spells are a little easier to cast, but a little less powerful. [an orb of fire]
 53401 | Zot:2    | Killed an orb of fire
 53486 | Zot:2    | Gained mutation: Your body sometimes deteriorates upon taking damage. [an orb of fire]
 53491 | Zot:2    | Gained mutation: You are occasionally teleported next to monsters. [an orb of fire]
 53492 | Zot:2    | Gained mutation: You do not regenerate when monsters are visible. [an orb of fire]
 53495 | Zot:2    | Killed an orb of fire
 53496 | Zot:2    | Lost mutation: You possess an exceptional clarity of mind. [potion of mutation]
 53496 | Zot:2    | Lost mutation: Your spells are a little easier to cast, but a little less powerful. [potion of mutation]
 53496 | Zot:2    | Gained mutation: You occasionally shout uncontrollably at your foes. [potion of mutation]
 53496 | Zot:2    | Gained mutation: You evolve. [potion of mutation]
 53497 | Zot:2    | Lost mutation: You are clumsy. (Dex -2) [potion of mutation]
 53497 | Zot:2    | Lost mutation: You are frail. (-10% HP) [potion of mutation]
 53497 | Zot:2    | Lost mutation: Your body sometimes deteriorates upon taking damage. [potion of mutation]
 53497 | Zot:2    | Lost mutation: Armour fits poorly on your strangely shaped body. [potion of mutation]
 53497 | Zot:2    | Gained mutation: Your mind is acute. (Int +2) [potion of mutation]
 53498 | Zot:2    | Lost mutation: You occasionally shout uncontrollably at your foes. [potion of mutation]
 53498 | Zot:2    | Lost mutation: You are covered in fur. (AC +1) [potion of mutation]
 53498 | Zot:2    | Gained mutation: Your flesh is very cold resistant. (rC++) [potion of mutation]
 53498 | Zot:2    | Gained mutation: You are agile. (Dex +2) [potion of mutation]
 53843 | D:10     | Bought 2 potions of berserk rage for 130 gold pieces
 53843 | D:10     | Bought a potion of mutation for 104 gold pieces
 53843 | D:10     | Bought a potion of mutation for 104 gold pieces
 53843 | D:10     | Bought a potion of berserk rage for 65 gold pieces
 53843 | D:10     | Bought a potion of haste for 130 gold pieces
 53843 | D:10     | Bought a potion of curing for 39 gold pieces
 53843 | D:10     | Bought a potion of agility for 52 gold pieces
 53843 | D:10     | Bought a potion of haste for 130 gold pieces
 53911 | Orc:2    | Bought a phantom mirror for 300 gold pieces
 53922 | Orc:2    | Bought a potion of curing for 33 gold pieces
 53922 | Orc:2    | Bought a potion of curing for 33 gold pieces
 53922 | Orc:2    | Bought 2 potions of curing for 66 gold pieces
 53922 | Orc:2    | Bought 2 potions of resistance for 220 gold pieces
 53922 | Orc:2    | Bought a potion of curing for 33 gold pieces
 53922 | Orc:2    | Bought a potion of might for 44 gold pieces
 53922 | Orc:2    | Bought a potion of resistance for 110 gold pieces
 53933 | Orc:2    | Bought a scroll of teleportation for 84 gold pieces
 53933 | Orc:2    | Bought a scroll of teleportation for 84 gold pieces
 54339 | Zot:2    | Gained mutation: You expend magic power (3 MP) to strengthen your wands. [an orb of fire]
 54340 | Zot:2    | Gained mutation: Your magical capacity is low. (-10% MP) [an orb of fire]
 54354 | Zot:2    | Killed an orb of fire
 54360 | Zot:2    | Lost mutation: You evolve. [potion of mutation]
 54360 | Zot:2    | Lost mutation: You can translocate small distances at will. [potion of mutation]
 54360 | Zot:2    | Gained mutation: You are frail. (-10% HP) [potion of mutation]
 54360 | Zot:2    | Gained mutation: You are somewhat resistant to further mutation. [potion of mutation]
 54361 | Zot:2    | Lost mutation: You are frail. (-10% HP) [potion of mutation]
 54361 | Zot:2    | Lost mutation: Your magical capacity is low. (-10% MP) [potion of mutation]
 54362 | Zot:2    | Lost mutation: You are somewhat resistant to further mutation. [potion of mutation]
 54362 | Zot:2    | Lost mutation: Your mind is acute. (Int +2) [potion of mutation]
 54362 | Zot:2    | Lost mutation: You expend magic power (3 MP) to strengthen your wands. [potion of mutation]
 54362 | Zot:2    | Lost mutation: You are agile. (Dex +2) [potion of mutation]
 54362 | Zot:2    | Gained mutation: You have a pair of small horns on your head. [potion of mutation]
 54362 | Zot:2    | Gained mutation: You are resistant to electric shocks. (rElec) [potion of mutation]
 54363 | Zot:2    | Lost mutation: You have a pair of small horns on your head. [potion of mutation]
 54363 | Zot:2    | Gained mutation: Scrolls take you a little longer to read. [potion of mutation]
 54363 | Zot:2    | Gained mutation: Scrolls take you longer to read. [potion of mutation]
 54363 | Zot:2    | Gained mutation: Your mind is acute. (Int +2) [potion of mutation]
 54364 | Zot:2    | Lost mutation: Your flesh is very cold resistant. (rC++) [potion of mutation]
 54364 | Zot:2    | Lost mutation: Scrolls take you longer to read. [potion of mutation]
 54364 | Zot:2    | Lost mutation: You do not regenerate when monsters are visible. [potion of mutation]
 54364 | Zot:2    | Gained mutation: Scrolls take you longer to read. [potion of mutation]
 54364 | Zot:2    | Gained mutation: Your body sometimes deteriorates upon taking damage. [potion of mutation]
 54364 | Zot:2    | Gained mutation: You are clumsy. (Dex -2) [potion of mutation]
 54364 | Zot:2    | Gained mutation: You passively map a small area around you. [potion of mutation]
 54366 | Zot:2    | Lost mutation: You are resistant to electric shocks. (rElec) [potion of mutation]
 54366 | Zot:2    | Lost mutation: You are clumsy. (Dex -2) [potion of mutation]
 54366 | Zot:2    | Gained mutation: Scrolls take you much longer to read. [potion of mutation]
 54366 | Zot:2    | Gained mutation: You have a pair of small horns on your head. [potion of mutation]
 54366 | Zot:2    | Gained mutation: You are robust. (+10% HP) [potion of mutation]
 55361 | Zot:5    | Entered Level 5 of the Realm of Zot
 55608 | Zot:5    | Noticed an ancient lich
 55615 | Zot:5    | Killed an ancient lich
 55653 | Zot:5    | Noticed an ancient lich
 55654 | Zot:5    | Noticed an orb of fire
 55664 | Zot:5    | Killed an ancient lich
 55669 | Zot:5    | Killed an orb of fire
 55738 | Zot:5    | Noticed an ancient lich
 55745 | Zot:5    | Killed an ancient lich
 55853 | Zot:5    | Noticed an orb of fire
 55854 | Zot:5    | Noticed an orb of fire
 55858 | Zot:5    | Lost mutation: You are robust. (+10% HP) [an orb of fire]
 55877 | Zot:5    | Noticed an orb of fire
 55907 | Zot:5    | Gained mutation: Armour fits poorly on your strangely shaped body. [an orb of fire]
 55908 | Zot:5    | Killed an orb of fire
 55910 | Zot:5    | Noticed an orb of fire
 55921 | Zot:5    | Killed an orb of fire
 55929 | Zot:5    | Gained mutation: You are clumsy. (Dex -2) [an orb of fire]
 55932 | Zot:5    | Noticed an ancient lich
 55937 | Zot:5    | Gained mutation: You are weak. (Str -2) [an orb of fire]
 55938 | Zot:5    | Lost mutation: Your mind is acute. (Int +2) [an orb of fire]
 55942 | Zot:5    | Killed an orb of fire
 55948 | Zot:5    | Killed an ancient lich
 56062 | Zot:5    | Lost mutation: Scrolls take you much longer to read. [an orb of fire]
 56063 | Zot:5    | Noticed an ancient lich
 56063 | Zot:5    | Gained mutation: Your magical capacity is low. (-10% MP) [an orb of fire]
 56065 | Zot:5    | Gained mutation: You are dopey. (Int -2) [an orb of fire]
 56075 | Zot:5    | Gained mutation: You occasionally shout uncontrollably at your foes. [an orb of fire]
 56077 | Zot:5    | Killed an orb of fire
 56085 | Zot:5    | Killed an ancient lich
 57367 | Zot:5    | Paralysed by a Zot trap for 2 turns
 57830 | Zot:5    | Got the Orb of Zot
 57924 | Zot:2    | Noticed Oju Afoudgh the pandemonium lord
 58100 | Depths:4 | Noticed Wiyraebb the pandemonium lord
 58201 | Depths:1 | Noticed Utsitasm the pandemonium lord
 58206 | Depths:1 | Killed Utsitasm the pandemonium lord
 58265 | D:15     | Noticed Idah the pandemonium lord
 58297 | D:15     | Noticed Yhycaf the pandemonium lord
 58482 | D:10     | Noticed Yntaodif the pandemonium lord
 58678 | D:$      | Escaped with the Orb!

Skill      XL: |  1  2  3  4  5  6  7  8  9 10 11 12 13 14 15 16 17 18 19 20 21 22 23 24 25 26 27 |
---------------+----------------------------------------------------------------------------------+-----
Armour         | 1 2 3 5 8 10 12 13 15 19 | 19.0
Dodging        | 2 4 5 10 13 15 19 | 19.0
Polearms       | 2 3 4 6 8 10 12 14 16 18 20 | 20.0
Charms         | 3 4 5 6 8 10 13 15 17 19 | 19.3
Fighting       | 3 4 6 8 12 14 15 16 17 18 22 | 22.2
Spellcasting   | 3 5 8 12 15 | 15.0
Translocations | 1 2 3 5 |  5.0
Invocations    | 8 12 15 20 21 | 21.0
Evocations     | 5 10 | 10.0
Hexes          | 2 8 |  8.0
Necromancy     | 2 6 8 |  8.0

Action                   |  1- 3 |  4- 6 |  7- 9 | 10-12 | 13-15 | 16-18 | 19-21 | 22-24 | 25-27 || total
-------------------------+-------+-------+-------+-------+-------+-------+-------+-------+-------++-------
Melee: Spear             |   113 |    90 |       |       |       |       |       |       |       ||   203
       Kick              |    16 |    56 |    46 |       |   337 |   301 |   435 |   403 |   518 ||  2112
       Halberd           |       |   252 |   279 |   662 |   884 |       |       |       |       ||  2077
       Bardiche          |       |       |       |       |   247 |   899 |  1058 |  1021 |  1267 ||  4492
       Headbutt          |       |       |       |       |       |       |       |       |    70 ||    70
 Fire: Blowgun           |       |    27 |    13 |    17 |     5 |       |       |       |       ||    62
Throw: Javelin           |     3 |    12 |     8 |    11 |     2 |     3 |     5 |     2 |       ||    46
       Tomahawk          |       |       |     3 |     2 |    15 |    20 |       |       |       ||    40
       Stone             |       |       |     2 |       |       |       |       |       |       ||     2
       Throwing net      |       |       |       |       |       |     2 |       |       |       ||     2
 Cast: Infusion          |    11 |    18 |     6 |       |     2 |     7 |     4 |    14 |    13 ||    75
       Shroud of Golubri |       |    15 |     7 |       |     3 |     1 |     1 |    11 |    15 ||    53
       Song of Slaying   |       |     1 |     2 |       |       |     6 |    17 |    23 |    34 ||    83
       Spectral Weapon   |       |       |     3 |       |       |       |       |    30 |    99 ||   132
       Regeneration      |       |       |     1 |       |       |       |       |    20 |    63 ||    84
Invok: Upheaval          |       |       |       |       |     5 |     9 |     2 |     4 |     3 ||    23
       Disaster Area     |       |       |       |       |     2 |     2 |     1 |     4 |     5 ||    14
       Elemental Force   |       |       |       |       |     1 |     3 |     1 |     2 |    13 ||    20
 Abil: Evoke Invisibilit |       |       |       |       |       |     1 |     2 |       |       ||     3
Evoke: Wand              |       |       |     1 |    14 |    54 |    21 |     7 |     3 |    25 ||   125
       Fan of gales      |       |       |       |       |     1 |       |       |     3 |     2 ||     6
       Phantom mirror    |       |       |       |       |       |     1 |       |       |     6 ||     7
       Sack of spiders   |       |       |       |       |       |       |       |     5 |     1 ||     6
       Phial of floods   |       |       |       |       |       |       |       |     3 |     7 ||    10
  Use: Scroll            |       |     7 |    10 |     7 |    10 |     8 |    16 |    16 |    26 ||   100
       Potion            |       |     5 |     2 |     3 |     6 |    12 |     2 |    10 |    40 ||    80
 Stab: Petrified         |       |       |       |       |    10 |       |       |       |       ||    10
       Petrifying        |       |       |       |       |     2 |       |       |       |       ||     2
       Distracted        |       |       |       |       |     1 |     3 |     1 |     4 |    15 ||    24
       Paralysed         |       |       |       |       |       |    10 |       |       |       ||    10
       Invisible         |       |       |       |       |       |     4 |    12 |       |     6 ||    22
  Eat: Chunk             |     2 |    12 |    10 |    12 |    22 |     4 |    16 |    18 |    15 ||   111
       Ration            |       |       |     3 |     2 |     4 |     8 |     3 |     5 |    12 ||    37
Armor: Leather armour    |    10 |    13 |    35 |       |       |       |       |       |       ||    58
       Ring mail         |     8 |   150 |       |       |       |       |       |       |       ||   158
       Crystal plate arm |       |       |   168 |   541 |   592 |   292 |   430 |   496 |   661 ||  3180
       Skin              |       |       |    34 |       |       |       |       |       |       ||    34
       Plate armour      |       |       |       |       |    80 |   108 |       |       |       ||   188
Dodge: Dodged            |    42 |   256 |    57 |    68 |   273 |   391 |   436 |   451 |   653 ||  2627
       Deflected         |       |       |       |       |    28 |   110 |    49 |    50 |    76 ||   313
Block: Buckler           |       |     1 |       |       |       |       |       |       |       ||     1
       Other             |       |       |       |    65 |   412 |   460 |   520 |   490 |   605 ||  2552
       Reflection        |       |       |       |       |    31 |    93 |    83 |    41 |    66 ||   314
